 Dungeon Crawl Stone Soup version 0.16.1-16-gc44b35d (webtiles) character file.

189 EmilioHeskey the Skirmisher (level 5, -1/42 HPs)
             Began as a Demonspawn Fighter on Apr 15, 2015.
             Slain by an ogre
             ... wielding a +0 giant club
              (3 damage)
             ... on level 4 of the Dungeon.
             The game lasted 00:08:10 (2585 turns).

EmilioHeskey the Skirmisher (Demonspawn Fighter)    Turns: 2585, Time: 00:08:11

Health: -1/42      AC:  7    Str: 17    XL:     5   Next: 40%
Magic:  5/5        EV:  7    Int:  9    God:
Gold:   124        SH:  9    Dex: 13    Spells: 0 memorised, 4 levels left

rFire  . . .     SeeInvis .     a - +0 war axe
rCold  . . .     Clarity  .     b - +0 scale mail
rNeg   . . .     SustAb   .     c - +0 shield
rPois  .         Gourm    .     (helmet restricted)
rElec  .         Spirit   .     (no cloak)
rCorr  .         Warding  .     (no gloves)
rMut   .         Stasis   .     (no boots)
MR     .....                    (no amulet)
Stlth  ..........               (no ring)
                                (no ring)

@: not resistant to hostile enchantments, extremely unstealthy
A: horns 2, rot immunity
a: no special abilities


You were on level 4 of the Dungeon.
You were hungry.

You visited 1 branch of the dungeon, and saw 4 of its levels.

You collected 124 gold pieces.

Inventory:

Hand weapons
 a - a +0 war axe (weapon)
Armour
 b - a +0 scale mail (worn)
 c - a +0 shield (worn)
Magical devices
 q - a wand of fire (6)
Scrolls
 f - 2 scrolls of blinking {unknown}
 k - a scroll of identify {unknown}
 p - 3 scrolls of teleportation
 u - a scroll of fog {unknown}
Potions
 e - a potion of might
 g - a potion of haste {unknown}
 h - a potion of cure mutation {unknown}
 i - a potion of curing {unknown}
 j - 2 potions of ambrosia {unknown}
 m - a potion of agility {unknown}
 n - a potion of poison {unknown}
 o - a potion of magic {unknown}
 t - a potion of berserk rage {unknown}
Books
 v - a book of Alchemy

   Spells                             Type                      Level
   a - Sublimation of Blood           Necromancy                   2
   b - Alistair's Intoxication        Transmutation/Poison         4
   c - Condensation Shield            Ice                          4
   d - Petrify                        Transmutation/Earth          4
   e - Ignite Poison                  Fire/Transmutation           5
   f - Irradiate                      Conjuration/Transmutation    5
Comestibles
 d - 5 bread rations
 l - 2 fruits
 r - a slice of pizza
 s - a meat ration


   Skills:
 + Level 3.9 Fighting
 + Level 2.5 Axes
 + Level 3.8 Armour
 + Level 3.8 Shields


You had 4 spell levels left.
You didn't know any spells.

Dungeon Overview and Level Annotations

Branches:
Dungeon (4/15)
 Temple: D:4-7

Altars:


Innate Abilities, Weirdness & Mutations

You have a pair of horns on your head.
You are immune to rotting.


Message History

The ogre is moderately wounded.
The ogre hits you with a giant club!
You barely miss the ogre. You headbutt the ogre.
The ogre is heavily wounded.
The ogre hits you with a giant club!
You barely miss the ogre.
The ogre is heavily wounded.
The ogre barely misses you. The ogre hits you with a giant club!
* * * LOW HITPOINT WARNING * * *
You hit the ogre.
The ogre is heavily wounded.
The ogre hits you with a giant club.
* * * LOW HITPOINT WARNING * * *
You hit the ogre.
The ogre is heavily wounded.
You block the ogre's attack.
You barely miss the ogre.
The ogre is heavily wounded.
The ogre hits you with a giant club.
You die...

. ... #### ....
#... ..... ###
#...
.......####.#
#...
........O@..#
#..)
........###.##
#.## .......
#..## ##.#
......#
##..###### #..#
...... ##......#
#.## .....
###...## #.# ...
#######.#.####.#
..
............##..#
#####.....##.###


You could see an ogre.

Vanquished Creatures
  A goliath beetle (D:3)
  Ijyb (D:3)
  A gnoll (D:1)
  3 adders
  2 giant mites (D:3)
  A worm (D:2)
  A giant gecko (D:1)
  2 oozes
  5 orcs (D:3)
  9 bats
  A giant cockroach (D:1)
  5 hobgoblins
  10 jackals
  10 kobolds
  A quokka (D:2)
  2 ball pythons
  3 giant newts
  5 goblins
  8 rats
71 creatures vanquished.

Notes
Turn   | Place    | Note
--------------------------------------------------------------
     0 | D:1      | EmilioHeskey, the Demonspawn Fighter, began the quest for the Orb.
     0 | D:1      | Reached XP level 1. HP: 18/18 MP: 1/1
   312 | D:1      | Gained mutation: You have a pair of small horns on your head. [demonic ancestry]
   312 | D:1      | Reached XP level 2. HP: 24/24 MP: 2/2
   747 | D:1      | Gained mutation: You have a pair of horns on your head. [demonic ancestry]
   747 | D:1      | Reached XP level 3. HP: 29/29 MP: 3/3
  1502 | D:2      | Reached XP level 4. HP: 21/36 MP: 4/4
  1999 | D:3      | Gained mutation: You are immune to rotting. [demonic ancestry]
  1999 | D:3      | Reached XP level 5. HP: 27/42 MP: 5/5
  2175 | D:3      | Noticed Ijyb
  2185 | D:3      | Killed Ijyb
  2573 | D:4      | Noticed an ogre
  2583 | D:4      | HP: 2/42 [ogre/giant club (3)]
  2585 | D:4      | Slain by an ogre

Action                   |  1- 3 |  4- 6 || total
-------------------------+-------+-------++-------
Melee: War axe           |   114 |   110 ||   224
  Use: Scroll            |       |     5 ||     5
       Potion            |       |     1 ||     1
  Eat: Chunk             |     2 |     2 ||     4
       Fruit             |       |     1 ||     1
